 Dungeon Crawl Stone Soup version 0.25-a0-178-gc9f82b1288 (webtiles) character file.

Game seed: 9064969177704439274, levelgen mode: deterministic

220 vurker the Gusty (level 5, -1/30 HPs)
             Began as a Tengu Air Elementalist on Nov 26, 2019.
             Succumbed to a scorpion's poison
             ... on level 4 of the Dungeon.
             The game lasted 00:07:48 (3567 turns).

vurker the Gusty (Tengu Air Elementalist)           Turns: 3567, Time: 00:07:49

Health: -1/30      AC:  4    Str:  9    XL:     5   Next: 97%
Magic:  0/10       EV: 12    Int: 21    God:
Gold:   148        SH:  6    Dex: 14    Spells: 2/10 levels left

rFire    . . .     SeeInvis .   c - +4 dagger (venom)
rCold    + . .     Gourm    .   h - +2 buckler
rNeg     . . .     Faith    .   d - +2 robe {rC+}
rPois    .         Spirit   .   (helmet restricted)
rElec    .         Reflect  .   (no cloak)
rCorr    .         Harm     .   (no gloves)
MR       .....                  (boots unavailable)
Stlth    ++........             (no amulet)
HPRegen  0.10/turn              (no ring)
MPRegen  0.12/turn              (no ring)

@: brilliant, lethally poisoned (-1 -> -31)
A: beak, talons 3, able to fly
a: Fly


You were on level 4 of the Dungeon.
You were not hungry.

You visited 1 branch of the dungeon, and saw 4 of its levels.

You collected 148 gold pieces.

Inventory:

Hand Weapons
 c - a +4 dagger of venom (weapon)
   (You took it off a kobold on level 1 of the Dungeon)
Armour
 d - a +2 robe of cold resistance (worn)
   (You took it off a goblin on level 1 of the Dungeon)
 h - a +2 buckler (worn)
   (You found it on level 2 of the Dungeon)
Scrolls
 a - a scroll of fear {unknown}
 b - a scroll of enchant armour {unknown}
 g - 4 scrolls of identify
 i - 2 scrolls of noise {unknown}
 j - a scroll of fog {unknown}
 k - a scroll of remove curse {unknown}
 m - 4 scrolls of teleportation {unknown}
 n - a scroll of immolation {unknown}
 p - a scroll of blinking {unknown}
Potions
 f - a potion of agility
 o - a potion of resistance {unknown}
 q - a potion of magic {unknown}
Comestibles
 e - 6 rations


   Skills:
 + Level 1.8 Fighting
 - Level 2.1 Dodging
 - Level 2.0 Stealth
 * Level 1.5 Shields
 * Level 3.2 Spellcasting
 * Level 3.8 Conjurations
 * Level 5.3 Air Magic


You had 2 spell levels left.
You knew the following spells:

 Your Spells              Type           Power        Failure   Level  Hunger
a - Shock                 Conj/Air       ####         1%          1    None
b - Static Discharge      Conj/Air       #####...     1%          3    ###....
c - Airstrike             Air            #####.....   2%          4    ####...

Your spell library contained the following spells:

 Spells                   Type           Power        Failure   Level  Hunger
 Swiftness                Chrm/Air       ####....     1%          2    ##.....
 Lightning Bolt           Conj/Air       #####.....   9%          5    ######.


Dungeon Overview and Level Annotations

Branches:
Dungeon (4/15)
 Temple: D:4-7

Altars:
Qazlal


Innate Abilities, Weirdness & Mutations

You have a beak for a mouth.
You have claws for feet.
You can fly continuously.


Message History

The zap hits the worker ant.
The worker ant twitches its antennae in your direction.
Aim: a worker ant (moderately wounded)
The zap hits the worker ant.
Aim: a worker ant (heavily wounded)
The zap hits the worker ant.
Aim: a worker ant (almost dead)
The zap misses the worker ant.
Aim: a worker ant (almost dead)
The zap hits the worker ant.
The worker ant bites you.
The scorpion is struck by an arc of lightning.
The worker ant is struck by an arc of lightning.
You kill the worker ant!
The lightning grounds out.
The scorpion barely misses you.
Firing (i - inventory) No suitable missiles.
Aim: a scorpion (moderately wounded)
Okay, then. (m)acro, (M)acro raw, keymap [(k) default, (x) level-map, (t)argeting, (c)onfirm, m(e)nu], (s)ave?
Input macro trigger key: 2 Current Action: zbf Do you wish to (r)edefine, (c)lear, or (a)bort?
Input macro action: zb Created macro '2' => 'zb'.
Aim: a scorpion (moderately wounded)
The zap hits the scorpion.
The scorpion misses you.
Aim: a scorpion (heavily wounded)
The zap misses the scorpion.
The scorpion stings you!
You are poisoned.
The scorpion poisons you!
Aim: a scorpion (heavily wounded)
The zap hits the scorpion.
You feel sick. The scorpion stings you.
* * * LOW HITPOINT WARNING * * *
You are lethally poisoned!
The scorpion poisons you!
You hit the scorpion.
You claw the scorpion, but do no damage.
* * * LOW HITPOINT WARNING * * *
You feel sick. The scorpion stings you!
* * * LOW HITPOINT WARNING * * *
You closely miss the scorpion. Your kick misses the scorpion.
You peck the scorpion, but do no damage.
* * * LOW HITPOINT WARNING * * *
You feel sick. The scorpion stings you.
* * * LOW HITPOINT WARNING * * *
You are more poisoned.
The scorpion poisons you!
It was a potion of brilliance.
You feel clever all of a sudden.
You die...

.. .## . ...#..
...... ##
#.".... #..#
##^......
#....#.s......
#..@†..#
#..........
.............
#......#.......
....... #......
....... ......
....... ......
....... ...##.


You could see a scorpion.

Vanquished Creatures
  A hound (D:3)
  Terence (D:3)
  A worker ant (D:4)
  5 adders
  An ooze (D:1)
  4 dart slugs
  3 leopard geckos
  6 orcs (D:3)
  5 giant cockroaches
  10 goblins
  5 hobgoblins
  8 kobolds
  A quokka (D:2)
  2 ball pythons (D:3)
  9 bats
  5 frilled lizards
  12 rats
79 creatures vanquished.

Notes
Turn   | Place    | Note
-------+----------+-------------------------------------------
     0 | D:1      | vurker the Tengu Air Elementalist began the quest for the
                  | Orb.
     0 | D:1      | Reached XP level 1. HP: 10/10 MP: 4/4
   178 | D:1      | Reached XP level 2. HP: 11/15 MP: 0/6
   663 | D:1      | Reached XP level 3. HP: 20/20 MP: 2/7
  1308 | D:2      | Reached skill level 1 in Fighting
  1395 | D:2      | Learned a level 3 spell: Static Discharge
  1669 | D:2      | Reached XP level 4. HP: 21/25 MP: 0/9
  1832 | D:2      | Learned a level 4 spell: Airstrike
  2715 | D:3      | Reached skill level 5 in Air Magic
  2715 | D:3      | Gained mutation: You can fly continuously. [Tengu growth]
  2715 | D:3      | Reached XP level 5. HP: 29/29 MP: 4/10
  2798 | D:3      | Reached skill level 1 in Shields
  3012 | D:3      | Noticed Terence
  3032 | D:3      | Killed Terence
  3293 | D:3      | Noticed a water elemental
  3295 | D:3      | Found a stormy altar of Qazlal.
  3297 | D:3      | Noticed an air elemental
  3517 | D:3      | Noticed a fire elemental
  3566 | D:4      | HP: 1/30 [scorpion (2)]
  3567 | D:4      | Succumbed to a scorpion's poison

Levels and vault maps discovered:
D:1:      tarquinn_simple_flora_water_c, layout_rooms, minmay_hexomino_c4
D:2:      layout_rooms, st_stairs_8
D:3:      minmay_evil_eye, layout_loops_cross, nicolae_qazlal_style_of_elements,
          first_ration, minivault_23, uniq_terence
D:4:      layout_cave_pools, minmay_circle_x, uniq_pikel, uniq_eustachio

Skill      XL: |  1  2  3  4  5 |
---------------+----------------+-----
Conjurations   | 2 3 |  3.8
Fighting       | 1 |  1.8
Spellcasting   | 3 |  3.2
Air Magic      | 5 |  5.3
Shields        | 1 |  1.5
Dodging        | |  2.1
Stealth        | |  2.0

Action                   |  1- 3 |  4- 6 || total
-------------------------+-------+-------++-------
Melee: Unarmed           |     3 |       ||     3
       Peck              |     1 |     1 ||     2
       Dagger            |    12 |     6 ||    18
       Kick              |     1 |     2 ||     3
 Cast: Shock             |    86 |    91 ||   177
       Static Discharge  |       |     1 ||     1
  Use: Scroll            |       |     1 ||     1
       Potion            |       |     1 ||     1
  Eat: Chunk             |     3 |     6 ||     9
Armor: Robe              |     7 |     2 ||     9
Dodge: Dodged            |    38 |    17 ||    55
Block: Buckler           |       |     2 ||     2

Table legend:
 A = Non-vault XP
 B = Vault XP
 C = Vault XP percentage of total XP
 D = Non-vault monster count
 E = Vault monster count
 F = Vault count percentage of total count
                 A         B        C        D         E       F
            +---------+---------+-------+---------+---------+-------
      Total |     242 |      73 |  23.2 |      66 |      13 |  16.5
            +---------+---------+-------+---------+---------+-------
        D:1 |      41 |      15 |  26.8 |      20 |       8 |  28.6
        D:2 |      43 |       4 |   8.5 |      20 |       1 |   4.8
        D:3 |     124 |      54 |  30.3 |      25 |       4 |  13.8
        D:4 |      34 |       0 |   0.0 |       1 |       0 |   0.0
            +---------+---------+-------+---------+---------+-------
